 Dungeon Crawl Stone Soup version 0.16.3 (console) character file.

122 Kagalorn the Chopper (level 4, 0/40 HPs)
             Began as a Minotaur Fighter on Apr 6, 2020.
             Was an Initiate of Zin.
             Slain by Grinder (4 damage)
             ... on level 3 of the Dungeon.
             The game lasted 00:05:17 (1271 turns).

Kagalorn the Chopper (Minotaur Fighter)             Turns: 1271, Time: 00:05:17

Health: 0/40       AC:  7    Str: 21    XL:     4   Next: 78%
Magic:  2/2        EV:  7    Int:  5    God:    Zin [......]
Gold:   72         SH:  9    Dex: 10    Spells: 0 memorised, 3 levels left

rFire  . . .     SeeInvis .     a - +0 war axe
rCold  . . .     Clarity  .     b - +0 scale mail
rNeg   . . .     SustAb   +     c - +0 shield
rPois  .         Gourm    .     (helmet restricted)
rElec  .         Spirit   .     (no cloak)
rCorr  .         Warding  .     (no gloves)
rMut   .         Stasis   .     (no boots)
MR     .....                    (no amulet)
Stlth  +.........               v - ring of sustain abilities
                                s - ring of stealth

@: not resistant to hostile enchantments, very unstealthy
A: retaliatory headbutt, horns 2
a: Renounce Religion


You were on level 3 of the Dungeon.
You worshipped Zin.
Zin was noncommittal.
You were not hungry.

You visited 1 branch of the dungeon, and saw 3 of its levels.

You collected 79 gold pieces.
You donated 7 gold pieces to Zin.

Inventory:

Hand weapons
 a - a +0 war axe (weapon)
Missiles
 k - 15 stones (quivered)
 t - 26 bolts
 u - 25 arrows
 w - 24 poisoned needles
Armour
 b - a +0 scale mail (worn)
 c - a +0 shield (worn)
Jewellery
 s - a ring of stealth (left hand)
 v - a ring of sustain abilities (right hand)
Scrolls
 h - 2 scrolls of identify {unknown}
 j - a scroll of noise {unknown}
 m - a scroll of enchant weapon {unknown}
 n - a scroll of amnesia {unknown}
 o - a scroll of immolation {unknown}
Potions
 e - a potion of might
 i - a potion of mutation {unknown}
 l - a potion of agility {unknown}
 p - a potion of magic {unknown}
 q - 3 potions of heal wounds {unknown}
 r - a potion of curing {unknown}
Comestibles
 d - 2 bread rations
 f - 2 slices of pizza
 g - a meat ration


   Skills:
 + Level 3.9 Fighting
 + Level 5.6 Axes
 + Level 3.8 Armour
 + Level 3.7 Shields
 + Level 0.4 Invocations


You had 3 spell levels left.
You didn't know any spells.

Dungeon Overview and Level Annotations

Branches:
Dungeon (3/15)

Altars:
Ru
Zin

Annotations:
D:3 Grinder


Innate Abilities, Weirdness & Mutations

You reflexively headbutt those who attack you in melee.
You have a pair of horns on your head.


Message History

Pain shoots through your body!
You closely miss Grinder. You block Grinder's attack.
You block Grinder's attack.
You closely miss Grinder. Your headbutt misses Grinder. Grinder hits you.
You writhe in agony.
* * * LOW HITPOINT WARNING * * *
You closely miss Grinder. You headbutt Grinder!
Grinder is moderately wounded.
Grinder gestures at you.
You barely resist. You hit Grinder.
Grinder is moderately wounded.
Grinder gestures at you. You resist with significant effort.
You slash Grinder!
Grinder is heavily wounded.
Grinder hits you!
* * * LOW HITPOINT WARNING * * *
You writhe in agony.
You die...

..# ###.# ..#.#
####.#.# ..#.#.## ##
#.#.#..# #.#...#.#.#..#
## ...._.....5..## ##.
### #.#.(.#.#.#@^.#
..#.. ##
#.#.#...####.[.#
..#.#.........#
####.#..†.####.########
..#..#..............
###..#######..######
....# #.......## ######
#.####<..# #...#


You could see Grinder.

Vanquished Creatures
  4 gnolls (D:2)
  2 adders (D:2)
  A worm (D:2)
  2 giant geckos
  2 giant cockroaches
  5 goblins
  11 hobgoblins
  3 jackals (D:1)
  3 quokkas (D:2)
  9 bats
  9 kobolds
  7 rats
58 creatures vanquished.

Vanquished Creatures (others)
  A rat (D:1)
1 creature vanquished.

Grand Total: 59 creatures vanquished

Notes
Turn   | Place    | Note
--------------------------------------------------------------
     0 | D:1      | Kagalorn, the Minotaur Fighter, began the quest for the Orb.
     0 | D:1      | Reached XP level 1. HP: 19/19 MP: 1/1
   113 | D:1      | Reached XP level 2. HP: 19/26 MP: 1/1
   283 | D:1      | Reached skill level 4 in Axes
   478 | D:1      | Reached XP level 3. HP: 31/31 MP: 2/2
   759 | D:2      | Reached skill level 5 in Axes
   806 | D:2      | Reached XP level 4. HP: 31/39 MP: 2/2
   823 | D:2      | Found a glowing silver altar of Zin.
   823 | D:2      | Noticed an angel
   831 | D:2      | Became a worshipper of Zin the Law-Giver
  1252 | D:3      | Found a sacrificial altar of Ru.
  1254 | D:3      | Noticed Grinder
  1271 | D:3      | Slain by Grinder

Action                   |  1- 3 |  4- 6 || total
-------------------------+-------+-------++-------
Melee: War axe           |   108 |    34 ||   142
  Eat: Chunk             |       |     1 ||     1
